MLB
NEW YORK YANKEES @ DETROIT TIGERS
03/11/2026
 
TOP OF THE 1ST
New York Yankees batting - Pitching for Detroit Tigers : RHP Alex Lange
Pitching: RHP Alex Lange
Batting: RHB Everson Pereira 0-0: Bunt - Flyout to 5S! F5
Batting: RHB Jahmai Jones 0-0: Ball
1-0: Ball
2-0: Foul Ball, location: 2F
2-1: Swinging Strike
2-2: Ball
3-2: Base on Balls
Batting: LHB Bobby Perez 0-0: Ball
1-0: Foul Ball, location: 2F
1-1: Ball
2-1: Swinging Strike
2-2: Ball
3-2: Strikes out swinging
Batting: RHB Noelvi Marte 0-0: Ball
1-0: Fly out, F6 (Line Drive, 6, EV 68.1 MPH)
Top of the 1st over - 0 runs, 0 hits, 0 errors, 1 left on base; New York 0 - Detroit 0
BOTTOM OF THE 1ST
Detroit Tigers batting - Pitching for New York Yankees : RHP Chris McMahon
Pitching: RHP Chris McMahon
Batting: SHB Trei Cruz 0-0: TRIPLE (Flyball, 78XD, EV 108.1 MPH)
Batting: LHB Bryant Packard 0-0: DOUBLE (Groundball, 3D, EV 93.8 MPH)
Trei Cruz scores
Batting: SHB Yoneiry Acevedo 0-0: Ball
1-0: Ball
2-0: Fly out, F7 (Flyball, 7, EV 80.0 MPH)
Batting: LHB Nate Lowe 0-0: Ball
1-0: Ball
2-0: Foul Ball, location: 2F
2-1: Ball
3-1: Base on Balls
Batting: SHB Ian Happ 0-0: Ball
1-0: Foul Ball, location: 2F
1-1: Foul Ball, location: 2F
1-2: Ball
2-2: Strikes out looking
Batting: RHB Willson Contreras 0-0: Ball
1-0: Ball
2-0: Ball
3-0: Called Strike
3-1: Swinging Strike
3-2: Base on Balls
Bryant Packard to third
Nate Lowe to second
Batting: RHB Lazaro Benitez 0-0: Called Strike
0-1: Called Strike
0-2: Ball
1-2: Foul Ball, location: 2F
1-2: Ball
2-2: Fielders Choice at 2nd, 5-4 (Groundball, 56, EV 75.6 MPH)
Bottom of the 1st over - 1 run, 2 hits, 0 errors, 3 left on base; New York 0 - Detroit 1
TOP OF THE 2ND
New York Yankees batting - Pitching for Detroit Tigers : RHP Alex Lange
Batting: RHB Colton Welker 0-0: Ball
1-0: Ball
2-0: Ground out 5-3 (Groundball, 56, EV 104.4 MPH)
Batting: RHB Royce Lewis 0-0: Ball
1-0: Swinging Strike
1-1: Ball
2-1: Ball
3-1: Base on Balls
Batting: RHB Ryder Green 0-0: Ball
1-0: Swinging Strike
1-1: Ball
2-1: Ball
3-1: Grounds into double play, 5-4-3 (Groundball, 56S, EV 78.1 MPH)
Top of the 2nd over - 0 runs, 0 hits, 0 errors, 0 left on base; New York 0 - Detroit 1
BOTTOM OF THE 2ND
Detroit Tigers batting - Pitching for New York Yankees : RHP Chris McMahon
Batting: LHB Greg Douglas 0-0: Ball
1-0: Ground out U3 (Groundball, 3S, EV 81.9 MPH)
Batting: RHB Josh Belcher 0-0: Ball
1-0: Ground out 6-3 (Groundball, 6S, EV 71.9 MPH)
Batting: SHB Trei Cruz 0-0: Swinging Strike
0-1: Called Strike
0-2: Ball
1-2: Ball
2-2: Strikes out swinging
Bottom of the 2nd over - 0 runs, 0 hits, 0 errors, 0 left on base; New York 0 - Detroit 1
TOP OF THE 3RD
New York Yankees batting - Pitching for Detroit Tigers : RHP Alex Lange
Batting: SHB Keiner Delgado 0-0: Called Strike
0-1: Swinging Strike
0-2: Ball
1-2: Strikes out looking
Batting: RHB Carlos Herrera 0-0: Ball
1-0: Called Strike
1-1: Ball
2-1: Called Strike
2-2: Ball
3-2: Fly out, F9 (Flyball, 9LM, EV 90.6 MPH)
Batting: RHB Everson Pereira 0-0: Ball
1-0: Foul Ball, location: 2F
1-1: Ground out 1-3 (Groundball, P, EV 73.8 MPH)
Top of the 3rd over - 0 runs, 0 hits, 0 errors, 0 left on base; New York 0 - Detroit 1
BOTTOM OF THE 3RD
Detroit Tigers batting - Pitching for New York Yankees : RHP Chris McMahon
Batting: LHB Bryant Packard 0-0: Ball
1-0: Foul Ball, location: 2F
1-1: Ground out 6-3 (Groundball, 4S, EV 72.5 MPH)
Batting: SHB Yoneiry Acevedo 0-0: Ball
1-0: Fly out, F8 (Flyball, 8RXD, EV 103.8 MPH)
Batting: LHB Nate Lowe 0-0: Ball
1-0: Ball
2-0: Fly out, F8 (Flyball, 8RD, EV 83.1 MPH)
Bottom of the 3rd over - 0 runs, 0 hits, 0 errors, 0 left on base; New York 0 - Detroit 1
TOP OF THE 4TH
New York Yankees batting - Pitching for Detroit Tigers : RHP Alex Lange
Pitching: LHP Josiah Moore
Batting: RHB Jahmai Jones 0-0: Ball
1-0: Fly out, F7 (Flyball, 78M, EV 95.0 MPH)
Batting: LHB Bobby Perez 0-0: Ball
1-0: Ball
2-0: Foul Ball, location: 2F
2-1: Ground out 1-3 (Groundball, 13S, EV 70.6 MPH)
Batting: RHB Noelvi Marte 0-0: Ball
1-0: Ball
2-0: Ball
3-0: Reached on error, E4 (Groundball, 4, EV 89.4 MPH)
Batting: RHB Colton Welker 0-0: Called Strike
0-1: Called Strike
0-2: Strikes out swinging
Top of the 4th over - 0 runs, 0 hits, 1 error, 1 left on base; New York 0 - Detroit 1
BOTTOM OF THE 4TH
Detroit Tigers batting - Pitching for New York Yankees : RHP Chris McMahon
Pitching: RHP Alfred Vega
Batting: SHB Ian Happ 0-0: Called Strike
0-1: Ball
1-1: Ground out 4-3 (Groundball, 34, EV 108.8 MPH)
Batting: RHB Willson Contreras 0-0: Ball
1-0: Called Strike
1-1: Foul Ball, location: 2F
1-2: Strikes out swinging
Batting: RHB Lazaro Benitez 0-0: Swinging Strike
0-1: Swinging Strike
0-2: Strikes out swinging, 2-3 out at first.
Bottom of the 4th over - 0 runs, 0 hits, 0 errors, 0 left on base; New York 0 - Detroit 1
TOP OF THE 5TH
New York Yankees batting - Pitching for Detroit Tigers : LHP Josiah Moore
Batting: RHB Royce Lewis 0-0: Ball
1-0: SINGLE (Groundball, 4MD, EV 101.9 MPH)
Batting: RHB Ryder Green 0-0: Ball
1-0: Ball
2-0: Called Strike
2-1: Foul Ball, location: 2F
2-2: SINGLE (Groundball, 6MD, EV 101.9 MPH)
Royce Lewis to second
Batting: SHB Keiner Delgado 0-0: Called Strike
Royce Lewis is caught stealing 3rd base 2-5
Ryder Green to second
0-1: Foul Ball, location: 2F
0-2: Foul Ball, location: 2F
0-2: Foul Ball, location: 2F
0-2: Ball
1-2: Fly out, F8 (Line Drive, 8LD, EV 90.0 MPH)
Batting: RHB Carlos Herrera 0-0: Ball
1-0: Swinging Strike
1-1: Ball
2-1: Ground out 6-3 (Groundball, 6, EV 101.9 MPH)
Top of the 5th over - 0 runs, 2 hits, 0 errors, 1 left on base; New York 0 - Detroit 1
BOTTOM OF THE 5TH
Detroit Tigers batting - Pitching for New York Yankees : RHP Alfred Vega
Now at 1B: Franklin Punzo
Now in CF: Mike Estrada
Batting: LHB Greg Douglas 0-0: Ball
1-0: Ball
2-0: Called Strike
2-1: Ground out 4-3 (Groundball, 34D, EV 100.6 MPH)
Batting: RHB Josh Belcher 0-0: Fly out, F8 (Flyball, 89S, EV 88.1 MPH)
Pinch Hitting: RHB Steve Keebaugh 0-0: Ball
1-0: Ball
2-0: Ball
3-0: Called Strike
3-1: Called Strike
3-2: Foul Ball, location: 2F
3-2: Strikes out swinging, 2-3 out at first.
Bottom of the 5th over - 0 runs, 0 hits, 0 errors, 0 left on base; New York 0 - Detroit 1
TOP OF THE 6TH
New York Yankees batting - Pitching for Detroit Tigers : LHP Josiah Moore
Pitching: RHP Elvin Rodriguez
Now at C: Brian Serven
Now at 2B: Steve Keebaugh
Now in LF: Jose De La Cruz
Pinch Hitting: RHB Chad Trautman 0-0: Ball
1-0: Called Strike
1-1: DOUBLE (Flyball, 78D, EV 99.4 MPH)
Batting: RHB Franklin Punzo 0-0: Called Strike
Chad Trautman is caught stealing 3rd base 2-5
0-1: Ball
1-1: Foul Ball, location: 2F
1-2: Ball
2-2: Fly out, F7 (Flyball, 7, EV 97.5 MPH)
Batting: RHB DJ LeMahieu 0-0: Foul Ball, location: 2F
0-1: Swinging Strike
0-2: Ball
1-2: Ball
2-2: Ball
3-2: SINGLE (Line Drive, 4D, EV 95.6 MPH)
Pinch Hitting: RHB Luis Silva 0-0: Ball
1-0: Swinging Strike
1-1: Ball
2-1: Foul Ball, location: 2F
2-2: Strikes out looking
Top of the 6th over - 0 runs, 2 hits, 0 errors, 1 left on base; New York 0 - Detroit 1
BOTTOM OF THE 6TH
Detroit Tigers batting - Pitching for New York Yankees : RHP Alfred Vega
Pitching: RHP Ed Chance
Now at 3B: Luis Silva
Now in LF: Chad Trautman
Batting: RHB Nick Quintana 0-0: Fly out, F7 (Flyball, 7, EV 83.1 MPH)
Pinch Hitting: RHB Ryan Kreidler 0-0: Ground out 6-3 (Groundball, 6S, EV 76.2 MPH)
Pinch Hitting: LHB Anthony Rizzo 0-0: Called Strike
0-1: Called Strike
0-2: Ball
1-2: Strikes out swinging
Bottom of the 6th over - 0 runs, 0 hits, 0 errors, 0 left on base; New York 0 - Detroit 1
TOP OF THE 7TH
New York Yankees batting - Pitching for Detroit Tigers : RHP Elvin Rodriguez
Now at 1B: Anthony Rizzo
Now at 3B: Gage Workman
Now at SS: Carter Kieboom
Now in RF: Daniel Cabrera
Batting: RHB Mike Estrada 0-0: Called Strike
0-1: Swinging Strike
0-2: Foul Ball, location: 2F
0-2: Foul Ball, location: 2F
0-2: Ball
1-2: Ball
2-2: Foul Ball, location: 2F
2-2: Strikes out swinging
Pinch Hitting: RHB Eric Duggins 0-0: Ball
1-0: Ball
2-0: Called Strike
2-1: Ground out 6-3 (Groundball, 6MD, EV 103.8 MPH)
Pinch Hitting: LHB Nate O'Connell 0-0: Ball
1-0: Ball
2-0: Called Strike
2-1: Called Strike
2-2: Strikes out swinging
Top of the 7th over - 0 runs, 0 hits, 0 errors, 0 left on base; New York 0 - Detroit 1
BOTTOM OF THE 7TH
Detroit Tigers batting - Pitching for New York Yankees : RHP Ed Chance
Now at C: Edwin Ortiz
Now at 2B: Hans Montero
Now at SS: Eric Duggins
Now in RF: Nate O'Connell
Batting: RHB Jose De La Cruz 0-0: Ball
1-0: Called Strike
1-1: Called Strike
1-2: Ball
2-2: Fly out, F9 (Flyball, 9LS, EV 75.0 MPH)
Batting: RHB Brian Serven 0-0: Foul Ball, location: 2F
0-1: Ball
1-1: Foul Ball, location: 2F
1-2: Ground out 5-3 (Groundball, 56, EV 83.8 MPH)
Pinch Hitting: LHB Parker Meadows 0-0: Swinging Strike
0-1: Swinging Strike
0-2: Ball
1-2: Ball
2-2: Strikes out swinging
Bottom of the 7th over - 0 runs, 0 hits, 0 errors, 0 left on base; New York 0 - Detroit 1
TOP OF THE 8TH
New York Yankees batting - Pitching for Detroit Tigers : RHP Elvin Rodriguez
Pitching: RHP Jose Pina
Now in CF: Parker Meadows
Batting: RHB Hans Montero 0-0: Called Strike
0-1: Called Strike
0-2: Strikes out swinging
Batting: RHB Edwin Ortiz 0-0: Ball
1-0: Ball
2-0: Called Strike
2-1: Ball
3-1: Base on Balls
Batting: RHB Chad Trautman 0-0: Ball
1-0: Called Strike
1-1: Ball
2-1: Ball
3-1: Foul Ball, location: 2F
3-2: Strikes out swinging
Batting: RHB Franklin Punzo 0-0: Called Strike
0-1: Swinging Strike
0-2: Ball
1-2: Ball
2-2: Strikes out swinging
Top of the 8th over - 0 runs, 0 hits, 0 errors, 1 left on base; New York 0 - Detroit 1
BOTTOM OF THE 8TH
Detroit Tigers batting - Pitching for New York Yankees : RHP Ed Chance
Pitching: RHP Chad Green
Batting: RHB Carter Kieboom 0-0: Called Strike
0-1: Fly out, F2 (Popup, 2LF, EV 90.6 MPH)
Batting: LHB Daniel Cabrera 0-0: Swinging Strike
0-1: Foul Ball, location: 2F
0-2: Ball
1-2: DOUBLE (Line Drive, 78D, EV 99.4 MPH)
Batting: RHB Steve Keebaugh 0-0: Foul Ball, location: 2F
0-1: Swinging Strike
0-2: Foul Ball, location: 2F
0-2: Ball
1-2: Fly out, F7 (Flyball, 78M, EV 75.0 MPH)
Batting: RHB Nick Quintana 0-0: Ball
1-0: Called Strike
1-1: DOUBLE (Line Drive, 8RXD, EV 103.8 MPH)
Daniel Cabrera scores
Batting: SHB Gage Workman 0-0: Called Strike
0-1: Called Strike
0-2: Ball
1-2: Ball
2-2: Ball
3-2: SINGLE (Groundball, 56, EV 103.1 MPH)
Nick Quintana to third
Pitching: RHP Renso Mejia
Batting: LHB Anthony Rizzo 0-0: Fly out, F9 (Flyball, 89M, EV 86.9 MPH)
Bottom of the 8th over - 1 run, 3 hits, 0 errors, 2 left on base; New York 0 - Detroit 2
TOP OF THE 9TH
New York Yankees batting - Pitching for Detroit Tigers : RHP Jose Pina
Pitching: RHP Pat Crossley
Batting: RHB DJ LeMahieu 0-0: Called Strike
0-1: Ball
1-1: Called Strike
1-2: Strikes out looking
Batting: RHB Luis Silva 0-0: Ground out 4-3 (Groundball, 4, EV 81.2 MPH)
Batting: RHB Mike Estrada 0-0: Ball
1-0: Foul Ball, location: 2F
1-1: Swinging Strike
1-2: Foul Ball, location: 2F
1-2: Foul Ball, location: 2F
1-2: Ball
2-2: SINGLE (Groundball, 56D, EV 94.4 MPH)
Batting: RHB Eric Duggins
Pinch Hitting: LHB Tim Parker 0-0: Called Strike
0-1: Ball
1-1: Foul Ball, location: 2F
1-2: Strikes out swinging
Top of the 9th over - 0 runs, 1 hit, 0 errors, 1 left on base; New York 0 - Detroit 2
Tuesday, January 24th , 2023 - OOTP Baseball 23.10 Build 110